 Dungeon Crawl Stone Soup version 0.26.1-11-gd32895ea62 (webtiles) character file.

Game seed: 927960813334719829

10650 Ijustatesigmund the Cleaver (level 11, -2/88 HPs)
             Began as an Octopode Fighter on July 2, 2021.
             Was a High Priest of Cheibriados.
             Slain by a four-headed hydra (16 damage)
             ... on level 11 of the Dungeon.
             The game lasted 00:27:33 (14666 turns).

Ijustatesigmund the Cleaver (Octopode Fighter)     Turns: 14666, Time: 00:27:33

Health: -2/88      AC:  1    Str: 27    XL:     11   Next: 65%
Magic:  15/15      EV: 19    Int: 25    God:    Cheibriados [*****.]
Gold:   750        SH: 15    Dex: 29    Spells: 10/10 levels left

rFire    . . .     SeeInvis .   a - +1 broad axe (flame)
rCold    . . .     Faith    .   b - +2 kite shield
rNeg     . . .     Spirit   .   (helmet restricted)
rPois    .         Reflect  .   r - amulet of regeneration
rElec    .         Harm     .   l - ring of willpower
rCorr    .         Rampage  .   m - ring of willpower
Will     +++..     Clarity  +   z - +6 ring of dexterity
Stlth    +++++.....             C - ring of willpower
HPRegen  0.64/turn              (no ring)
MPRegen  0.14/turn              (no ring)
                                (no ring)
                                (no ring)

@: very slow
A: almost no armour, stealthy swim, amphibious, 8 rings, constrict 8, camouflage
1, clarity, clumsy 1, low mp 1, robust 1, gelatinous body 1, evolution 1,
MP-powered wands
a: Renounce Religion, Bend Time, Temporal Distortion, Slouch, Step From Time


You were on level 11 of the Dungeon.
You worshipped Cheibriados.
Cheibriados was extremely pleased with you.
You visited 2 branches of the dungeon, and saw 13 of its levels.

You collected 750 gold pieces.

Inventory:

Hand Weapons
 a - a +1 broad axe of flaming (weapon)
 t - a +2 war axe
 E - a +6 eveningstar of draining
Missiles
 i - 75 poisoned darts (quivered)
Armour
 b - a +2 kite shield (worn)
Jewellery
 j - an uncursed ring of fire
 l - a ring of willpower (left tentacle)
 m - a ring of willpower (right tentacle)
 r - an amulet of regeneration (around mantle)
 z - a +6 ring of dexterity (on tentacle)
 C - a ring of willpower (on tentacle)
Wands
 p - a wand of digging (5)
 v - a wand of polymorph (6)
 x - a wand of acid (9)
 B - a wand of flame (7)
 D - a wand of enslavement (5)
 G - a wand of iceblast (11)
Scrolls
 d - 3 scrolls of magic mapping
 f - 4 scrolls of fog
 g - 7 scrolls of teleportation
 u - 4 scrolls of remove curse
 y - a scroll of amnesia
 F - a scroll of enchant armour
Potions
 c - a potion of might
 e - 3 potions of attraction
 h - a potion of magic
 k - 3 potions of flight
 n - 3 potions of brilliance
 o - 3 potions of resistance
 s - 7 potions of curing
 A - a potion of cancellation
Miscellaneous
 q - a condenser vane


   Skills:
 + Level 9.4 Fighting
 + Level 9.4 Axes
 + Level 6.9 Dodging
 - Level 4.3 Stealth
 + Level 6.9 Shields
 + Level 8.4 Invocations
 - Level 4.7 Evocations


You had 10 spell levels left.
You didn't know any spells.
Your spell library was empty.

Dungeon Overview and Level Annotations

Branches:
Dungeon (12/15)            Temple (1/1) D:5            Lair (0/6) D:9
    Orc (0/2) D:11

Altars:
Ashenzari
Cheibriados
Dithmenos
Elyvilon
Fedhas
Gozag
Hepliaklqana
Kikubaaqudgha
Makhleb
Nemelex Xobeh
Okawaru
Qazlal
Ru
Sif Muna
Trog
Uskayaw
Vehumet
Wu Jian
Xom
Yredelemnul
Zin
The Shining One

Shops:
D:5 }   D:7 [


Innate Abilities, Weirdness & Mutations

You cannot wear most types of armour.
You are very stealthy in the water. (Stealth+)
You are amphibious.
You can wear up to eight rings at the same time.
You can use your tentacles to constrict eight enemies at once.
Your skin changes colour to match your surroundings (Stealth+).
Your rubbery body absorbs attacks. (AC +1, EV +1)
You possess an exceptional clarity of mind.
You are clumsy. (Dex -2)
Your magical capacity is low. (-10% MP)
You are robust. (+10% HP)
You evolve.
You expend magic power (3 MP) to strengthen your wands.


Message History

The five-headed hydra closely misses you.
You barely miss the five-headed hydra.
Your squeeze misses the five-headed hydra.
The five-headed hydra is severely wounded.
The five-headed hydra bites you!
The five-headed hydra closely misses you.
You block the five-headed hydra's attack.
The five-headed hydra bites you!
* * * LOW HITPOINT WARNING * * *
The five-headed hydra bites you!
* * * LOW HITPOINT WARNING * * *
You chop one of the five-headed hydra's heads off!
The flame cauterises the wound!
You hit the four-headed hydra. You burn the four-headed hydra.
You squeeze the four-headed hydra!
The four-headed hydra is almost dead.
The four-headed hydra misses you.
You block the four-headed hydra's attack.
The four-headed hydra closely misses you.
The four-headed hydra misses you. The four-headed hydra bites you!
You die...

#.
#.........#
#.
#.[.......#
#.
#.........#
#.
#.........#
###
#.........'
#..
#.........#
###
#...D......
# #@# #.#
#.# #.# #.#
#########
##.#
#........
#).#
#.[<.>...
#.##
#........
#)#
#........


You could see a four-headed hydra.

Vanquished Creatures
  A bunyip (D:11)
  A hydra (D:7)
  2 two-headed ogres
  Urug (D:11)
  Maurice (D:11)
  A centaur skeleton (D:10)
  A troll (D:9)
  Prince Ribbit (D:7)
  A wyvern (D:12)
  Sigmund (D:4)
  5 yaks
  3 wargs (D:9)
  A water moccasin (D:7)
  A sky beast (D:9)
  A black bear (D:8)
  2 ice beasts (D:11)
  4 orc warriors
  8 ogres
  2 centaurs
  6 bullfrogs
  A wyvern zombie (D:9)
  2 scorpions
  9 killer bees
  9 wights
  2 howler monkeys
  2 bullfrog zombies
  2 centaur zombies
  2 jellies
  7 hounds
  11 orc priests
  2 iguanas
  13 orc wizards
  7 worker ants
  2 killer bee zombies
  A hound zombie (D:8)
  2 hound skeletons
  A howler monkey skeleton (D:11)
  14 adders
  2 shadow imps
  7 white imps
  2 ufetubi (D:7)
  2 adder zombies (D:5)
  An ooze (D:4)
  6 worms
  4 dart slugs
  7 leopard geckos
  51 orcs
  4 giant cockroaches
  13 goblins
  8 hobgoblins
  10 jackals
  7 kobolds
  6 quokkas
  3 ball pythons
  7 bats
  3 frilled lizards
  A leopard gecko skeleton (D:7)
  A quokka zombie (D:7)
  9 rats
287 creatures vanquished.

Vanquished Creatures (collateral kills)
  A centaur (D:11)
1 creature vanquished.

Vanquished Creatures (others)
  8 fungi (D:6)
  13 plants
21 creatures vanquished.

Grand Total: 309 creatures vanquished

Notes
Turn   | Place    | Note
-------+----------+-------------------------------------------
     0 | D:1      | Ijustatesigmund the Octopode Fighter began the quest for
                  | the Orb.
     0 | D:1      | Reached XP level 1. HP: 16/16 MP: 1/1
   195 | D:1      | Reached XP level 2. HP: 21/21 MP: 2/2
   754 | D:1      | Reached XP level 3. HP: 26/26 MP: 3/3
  1069 | D:2      | Found a stormy altar of Qazlal.
  1298 | D:2      | Reached XP level 4. HP: 30/31 MP: 4/4
  2127 | D:3      | Reached XP level 5. HP: 28/36 MP: 5/5
  2240 | D:3      | Found a shimmering blue altar of Sif Muna.
  2694 | D:3      | Reached XP level 6. HP: 39/43 MP: 6/6
  2810 | D:3      | Found a broken altar of Ashenzari.
  2811 | D:3      | Found a white marble altar of Elyvilon.
  3459 | D:4      | Noticed Sigmund
  3625 | D:4      | Reached skill level 1 in Stealth
  4068 | D:4      | Found a shimmering altar of Xom.
  4240 | D:4      | You fall into a shaft and drop 3 floors!
  4299 | D:7      | Reached XP level 7. HP: 34/49 MP: 7/7
  4533 | D:6      | Found a snail-covered altar of Cheibriados.
  4561 | D:5      | Entered Level 5 of the Dungeon
  4916 | D:5      | Found a staircase to the Ecumenical Temple.
  4924 | Temple   | Entered the Ecumenical Temple
  5433 | D:6      | Reached skill level 5 in Fighting
  5433 | D:6      | Reached skill level 5 in Axes
  5876 | D:6      | Became a worshipper of Cheibriados the Contemplative
  5933 | D:6      | Found a blossoming altar of Fedhas.
  6022 | D:6      | Found an opulent altar of Gozag.
  6140 | D:6      | Found a bloodstained altar of Trog.
  6151 | D:6      | Reached skill level 1 in Invocations
  6512 | D:5      | Reached XP level 8. HP: 27/56 MP: 7/9
  6936 | D:4      | Killed Sigmund
  7364 | D:3      | Found a glowing silver altar of Zin.
  7552 | D:5      | Found Qeununew's Gadget Shoppe.
  8126 | D:7      | Reached * piety under Cheibriados
  8127 | D:7      | Reached skill level 1 in Evocations
  8228 | D:7      | Found Nucrio's Antique Armour Shop.
  8751 | D:7      | Noticed Prince Ribbit
  8766 | D:7      | Killed Prince Ribbit
  8767 | D:7      | Reached XP level 9. HP: 63/63 MP: 12/12
  9123 | D:7      | Noticed a four-headed hydra
  9327 | D:8      | Reached ** piety under Cheibriados
  9488 | D:8      | Reached skill level 5 in Invocations
 10194 | D:9      | Noticed a troll
 10200 | D:9      | Killed a troll
 10815 | D:9      | Gained mutation: Your magical capacity is low. (-10% MP)
                  | [potion of mutation]
 10815 | D:9      | Gained mutation: Your magical capacity is very low. (-20%
                  | MP) [potion of mutation]
 10815 | D:9      | Gained mutation: You are clumsy. (Dex -2) [potion of
                  | mutation]
 10815 | D:9      | Gained mutation: One of your tentacles bears a spike.
                  | [potion of mutation]
 10834 | D:10     | Entered Level 10 of the Dungeon
 11415 | D:10     | Reached *** piety under Cheibriados
 11418 | D:10     | Reached XP level 10. HP: 60/72 MP: 11/11
 12258 | D:10     | Reached skill level 5 in Shields
 12382 | D:10     | Reached skill level 5 in Dodging
 12557 | D:9      | Found a staircase to the Lair.
 12561 | D:9      | Reached **** piety under Cheibriados
 13333 | D:7      | Killed a four-headed hydra
 13400 | D:7      | Noticed a two-headed ogre
 13410 | D:7      | Reached XP level 11. HP: 53/78 MP: 13/13
 13411 | D:7      | Killed a two-headed ogre
 13650 | D:11     | Noticed a two-headed ogre
 13658 | D:11     | Killed a two-headed ogre
 13777 | D:12     | Reached ***** piety under Cheibriados
 13796 | D:11     | Found a staircase to the Orcish Mines.
 14012 | D:11     | Lost mutation: One of your tentacles bears a spike. [potion
                  | of mutation]
 14012 | D:11     | Lost mutation: Your magical capacity is very low. (-20% MP)
                  | [potion of mutation]
 14012 | D:11     | Gained mutation: You evolve. [potion of mutation]
 14012 | D:11     | Gained mutation: You possess an exceptional clarity of
                  | mind. [potion of mutation]
 14012 | D:11     | Gained mutation: You expend magic power (3 MP) to
                  | strengthen your wands. [potion of mutation]
 14055 | D:11     | Noticed Urug
 14068 | D:11     | Killed Urug
 14187 | D:11     | Gained mutation: You are robust. (+10% HP) [evolution]
 14262 | D:11     | Noticed a boulder beetle
 14329 | D:11     | Noticed a bunyip
 14329 | D:11     | a boulder beetle changed into a bunyip
 14346 | D:11     | Killed a bunyip
 14631 | D:11     | Noticed Maurice
 14638 | D:11     | Killed Maurice
 14641 | D:11     | Identified a scroll of acquirement
 14642 | D:11     | Acquired a +1 broad axe of flaming
 14659 | D:11     | Noticed a seven-headed hydra
 14666 | D:11     | Slain by a four-headed hydra

Illustrated notes

Levels and vault maps discovered:
D:1:      tarquinn_simple_flora_water_e, layout_basic
D:2:      minmay_recursive_quarters, layout_basic, lemuel_crystal_altar,
          minivault_4, nrook_uturn, dk_noncrumbling_3, minmay_cut_off
D:3:      layout_loops_ring, nicolae_overflow_hidden_temple
D:4:      layout_basic, kennysheep_mini, uniq_sigmund
D:5:      lemuel_ice_spiral_2, layout_basic, temple_statues, serial_shops, shop,
          minmay_door_square, serial_bayou_pond_b
D:6:      layout_rooms, fedhas_altar_3, nicolae_overflow_crystal_walls,
          lemuel_round_altar, grunt_gozag_statues
D:7:      minmay_slanted_spiral_squares, layout_basic, serial_shops, shop,
          chequers_avenue, uniq_prince_ribbit1
D:8:      layout_rooms
D:9:      layout_stronghold, erik_lair_orcish_takeover, kennysheep_diamond,
          kennysheep_decorative_pillar, st_stairs_11
D:10:     layout_basic, serial_corexii_hall, chequers_hall_statues_y,
          chequers_hall_statues_corner_a
D:11:     layout_roguey, orc_david_3, nicolae_trove_entry_crystal, uniq_maurice,
          uniq_urug
D:12:     layout_loops_ring, serial_shops, nicolae_shop_waterfront,
          wad_floor_pattern_untrapped, hangedman_little_slice_of_home
Temple:   oiseaux_autumnal_temple

Skill      XL: |  1  2  3  4  5  6  7  8  9 10 11 |
---------------+----------------------------------+-----
Axes           | 3 4 5 6 7 8 9 |  9.4
Shields        | 4 5 6 |  6.9
Fighting       | 4 5 6 7 8 9 |  9.4
Dodging        | 4 5 6 |  6.9
Stealth        | 2 4 |  4.3
Invocations    | 1 4 6 7 8 |  8.4
Evocations     | 2 4 |  4.7

Action                   |  1- 3 |  4- 6 |  7- 9 | 10-12 || total
-------------------------+-------+-------+-------+-------++-------
Melee: War axe           |    60 |   134 |   229 |   165 ||   588
       Constrict         |    13 |    40 |    53 |    31 ||   137
       Tentacles         |     8 |    31 |    55 |    68 ||   162
       Kick              |       |       |     9 |    58 ||    67
       Flail             |       |       |       |     2 ||     2
       Broad axe         |       |       |       |     5 ||     5
Throw: Dart              |     5 |     6 |     5 |     5 ||    21
Evoke: Wand              |       |       |     3 |    10 ||    13
  Use: Scroll            |     2 |     9 |    14 |     3 ||    28
       Potion            |       |     1 |     5 |     3 ||     9
 Stab: Sleeping          |     6 |     9 |    21 |     4 ||    40
       Distracted        |       |       |     1 |       ||     1
Armor: Skin              |    10 |     5 |    13 |    10 ||    38
Dodge: Dodged            |    34 |    60 |   105 |    91 ||   290
Block: Kite shield       |    19 |    64 |   137 |   124 ||   344
